 Dungeon Crawl Stone Soup version 0.29-a0-982-gaed3a0c8d8 (webtiles) character file.

Game seed: 11833572894503223807

128 MisterAzrael the Trooper (level 4, -2/41 HPs)
             Began as a Minotaur Fighter on Aug 1, 2022.
             Slain by a gnoll
             ... wielding a +0 halberd
              (6 damage)
             ... on level 2 of the Dungeon.
             The game lasted 00:01:49 (1515 turns).

MisterAzrael the Trooper (Minotaur Fighter)         Turns: 1515, Time: 00:01:49

Health: -2/41      AC:  6    Str: 23    XL:     4   Next: 86%
Magic:  3/3        EV:  8    Int:  5    God:
Gold:   49         SH: 10    Dex:  9    Spells: 3/3 levels left

rFire   . . .      SeeInvis .   a - +0 long sword
rCold   . . .      Faith    .   m - +2 kite shield
rNeg    . . .      Spirit   .   b - +0 scale mail
rPois   .          Reflect  .   (helmet restricted)
rElec   .          Harm     .   (no cloak)
rCorr   .          Rampage  .   (no gloves)
Will    .....                   (no boots)
Stlth   ..........              (no amulet)
HPRegen 0.13/turn               (no ring)
MPRegen 0.08/turn               (no ring)

@: mighty
A: horns 2, retaliatory headbutt
a: no special abilities


You were on level 2 of the Dungeon.
You visited 1 branch of the dungeon, and saw 2 of its levels.

You collected 49 gold pieces.

Inventory:

Hand Weapons
 a - a +0 long sword (weapon)
Missiles
 f - 2 throwing nets
 h - 4 poisoned darts (quivered)
 j - 4 boomerangs of dispersal
Armour
 b - a +0 scale mail (worn)
 c - a +0 buckler
 m - a +2 kite shield (worn)
Jewellery
 i - a +6 ring of dexterity
Scrolls
 g - 4 scrolls of identify {unknown}
 n - a scroll of amnesia {unknown}
Potions
 e - a potion of lignification {unknown}
 k - a potion of brilliance {unknown}
 l - a potion of invisibility {unknown}


   Skills:
 + Level 4.9 Fighting
 + Level 4.1 Long Blades
 + Level 2.3 Throwing
 - Level 3.6 Armour
 - Level 3.6 Shields


You had 3 spell levels left.
You didn't know any spells.
Your spell library contained the following spells:

 Spells                   Type           Power      Damage    Failure   Level
 Sublimation of Blood     Necr           0%         N/A       99%         2
 Petrify                  Tmut/Erth      0%         N/A       100%        4
 Irradiate                Conj/Tmut      0%         3d11      100%        5


Dungeon Overview and Level Annotations

Branches:
Dungeon (2/15)

Altars:
Fedhas


Innate Abilities, Weirdness & Mutations

You have a pair of horns on your head.
You reflexively headbutt those who attack you in melee.


Message History

The gnoll shouts!
The gnoll moves out of view.
A gnoll comes into view. It is wielding a +0 spear.
A gnoll comes into view. It is wielding a +0 whip.
The gnoll shouts! x2
The gnoll hits you with a +0 spear.
You hit the gnoll but do no damage. The gnoll hits you with a +0 spear.
You hit the gnoll.
The gnoll is lightly wounded.
The gnoll hits you with a +0 spear. The gnoll closely misses you.
You hit the gnoll.
The gnoll is moderately wounded.
The gnoll closely misses you.
You hit the gnoll but do no damage. You headbutt the gnoll!
The gnoll is almost dead.
The gnoll hits you with a +0 spear. You block the gnoll's attack.
You hit the gnoll.
You kill the gnoll!
You barely miss the gnoll. The gnoll hits you with a +0 whip.
The gnoll closely misses you.
You hit the gnoll.
The gnoll is moderately wounded.
The gnoll hits you with a +0 whip. You block the gnoll's attack.
The gnoll hits you from afar with a +0 halberd!
* * * LOW HITPOINT WARNING * * *
The gnoll hits you with a +0 whip.
* * * LOW HITPOINT WARNING * * *
You slash the gnoll! You headbutt the gnoll.
You kill the gnoll!
The gnoll barely misses you. The gnoll hits you with a +0 halberd.
* * * LOW HITPOINT WARNING * * *
Things that are here:
a +0 whip; a +0 spear; a gnoll corpse You hit the gnoll.
The gnoll is moderately wounded.
The gnoll barely misses you. You furiously retaliate!
You headbutt the gnoll.
You feel very mighty all of a sudden. The gnoll hits you with a +0 halberd.
You die...

#....#.[....#
#......#
#.####......#
#......# #.
#.#.####
#......# #.
#.#.#
#......# #.
#.#.#
#..†...#
#.#.#
#†.†...# #.#
##)##### #.#
#.# #@# #.#
#g# #.# #.#
#.###### ..#
#......# #.#
######.# ###
#.# #.# #.#
#.#


You could see a gnoll.

Vanquished Creatures
  2 gnolls (D:2)
  4 adders (D:2)
  A worm (D:2)
  6 endoplasms
  A giant cockroach (D:2)
  7 goblins
  6 hobgoblins
  6 jackals (D:2)
  7 kobolds
  7 ball pythons
  9 bats
  4 frilled lizards
  4 rats
64 creatures vanquished.

Notes
Turn   | Place    | Note
-------+----------+-------------------------------------------
     0 | D:1      | MisterAzrael the Minotaur Fighter began the quest for the
                  | Orb.
     0 | D:1      | Reached XP level 1. HP: 19/19 MP: 0/0
    94 | D:1      | Reached XP level 2. HP: 27/27 MP: 1/1
   517 | D:1      | Reached skill level 1 in Throwing
   605 | D:1      | Found a faded altar of an unknown god.
   717 | D:2      | Found a blossoming altar of Fedhas.
   723 | D:2      | Reached XP level 3. HP: 33/33 MP: 2/2
  1058 | D:2      | Reached XP level 4. HP: 23/41 MP: 3/3
  1515 | D:2      | Slain by a gnoll

Illustrated notes

Levels and vault maps discovered:
D:1:      roderic_crop_circles_arrival_small, layout_basic,
          shapermc_ecumenical_altar_mp_vishouse
D:2:      minmay_diamond_boxcup, layout_basic, basic_altar

Skill      XL: |  1  2  3  4 |
---------------+-------------+-----
Fighting       | 4 |  4.9
Long Blades    | 3 4 |  4.1
Throwing       | 1 2 |  2.3
Armour         | |  3.6
Shields        | |  3.6

Action                   |  1- 3 |  4- 6 || total
-------------------------+-------+-------++-------
Melee: Long sword        |    93 |    42 ||   135
       Headbutt          |    11 |     6 ||    17
  Use: Potion            |       |     1 ||     1
Armor: Scale mail        |    71 |    15 ||    86
Dodge: Dodged            |    49 |    21 ||    70
Block: Buckler           |    15 |       ||    15
       Kite shield       |    36 |    26 ||    62

Table legend: (Time is in decaauts)
 A = Elapsed time spent in this place.
 B = Non-inter-level travel time spent in this place.
 C = Inter-level travel time spent in this place.
 D = Time resting spent in this place.
 E = Time spent auto-exploring this place.
 F = Levels seen in this place.
 G = Mean time per level.
                   A        B        C        D        E       F      G
               +--------+--------+--------+--------+--------+-----+--------+
         Total |   1559 |   1559 |      0 |    312 |    872 |   2 |  779.5 |
       Dungeon |   1559 |   1559 |      0 |    312 |    872 |   2 |  779.5 |
               +--------+--------+--------+--------+--------+-----+--------+

Top non-repeatable levels by time:
     D:2: 909 daAuts
     D:1: 650 daAuts
